 Dungeon Crawl Stone Soup version 0.21.1-1-g345015f (webtiles) character file.

35 jamsan the Sneak (level 3, 0/18 HPs)
             Began as a Spriggan Assassin on June 9, 2018.
             Succumbed to an adder's poison
             ... on level 1 of the Dungeon.
             The game lasted 00:13:42 (1248 turns).

jamsan the Sneak (Spriggan Assassin)                Turns: 1248, Time: 00:13:42

Health: 0/18       AC:  5    Str:  7    XL:     3   Next: 16%
Magic:  3/3        EV: 18    Int: 12    God:
Gold:   40         SH:  0    Dex: 18    Spells: 2/2 levels left

rFire    . . .     SeeInvis +   a - +2 dagger
rCold    . . .     Gourm    .   (shield restricted)
rNeg     . . .     Faith    .   c - +0 robe
rPois    .         Spirit   .   (helmet restricted)
rElec    .         Reflect  .   d - +0 cloak
rCorr    .         Harm     .   (gloves unavailable)
MR       .....                  (boots unavailable)
Stlth    +++.......             (no amulet)
HPRegen  0.06/turn              (no ring)
MPRegen  0.08/turn              (no ring)

@: lethally poisoned (0 -> -3), very quick
A: very small, unfitting armour, slimy green scales 1, see invisible, herbivore,
speed 3, low mp 1, slow metabolism 2
a: no special abilities


You were on level 1 of the Dungeon.
You were not hungry.

You visited 1 branch of the dungeon, and saw 2 of its levels.

You collected 40 gold pieces.

Inventory:

Hand Weapons
 a - a +2 dagger (weapon)
 b - a +0 blowgun
Armour
 c - a +0 robe (worn)
 d - a +0 cloak (worn)
Jewellery
 j - a cursed -2 ring of strength {unknown}
 o - a cursed amulet of inaccuracy {unknown}
Scrolls
 h - a scroll of enchant armour {unknown}
 i - a scroll of enchant weapon {unknown}
 k - 2 scrolls of identify {unknown}
 n - a scroll of random uselessness {unknown}
 q - 2 scrolls of remove curse {unknown}
Potions
 l - a potion of agility {unknown}
 p - a potion of brilliance {unknown}
Comestibles
 g - a ration


   Skills:
 + Level 2.0 Fighting
 + Level 2.7 Short Blades
 + Level 2.0 Throwing
 + Level 2.6 Dodging
 + Level 6.3 Stealth


You had 2 spell levels left.
You didn't know any spells.

Dungeon Overview and Level Annotations

Branches:
Dungeon (2/15)

Altars:


Innate Abilities, Weirdness & Mutations

You are very small and have problems with some larger weapons.
You are too small for most types of armour.
You have supernaturally acute eyesight. (SInv)
You are a herbivore.
You cover ground extremely quickly.
You need consume almost no food.
You are partially covered in slimy green scales. (AC +2)
Your magical capacity is low. (-10% MP)


Message History

a - a +2 dagger (weapon)
You barely miss the bat.
* * * LOW HITPOINT WARNING * * *
You feel sick. The bat barely misses you.
You hit the bat.
The bat is severely wounded.
The bat closely misses you. The bat closely misses you.
Things that are here:
a curare-tipped needle; 3 poisoned needles; an adder corpse You barely miss the bat.
The bat is severely wounded.
The bat closely misses you.
Unknown command.
You hit the bat.
You kill the bat!
It was a potion of mutation.
You feel extremely strange.
You feel less energetic.
Slimy green scales grow over part of your body.
You die...

###.###.####..######.#
..............# #.#
###.###.......# #.#
#.# ######..### #.#
###.# #....# #.# ....#
##.#.# #.#
###.#########.#.## #.#
##.............(###.#
#.............#@....#
#.###########..>#####
#.# ##(## #.# #.# #.#
#.# #.# #.# #.# #.#
#.# #.# ##.# #.#


There were no monsters in sight!

Vanquished Creatures
  An adder (D:1)
  An ooze (D:1)
  A leopard gecko (D:1)
  3 bats (D:1)
  3 giant cockroaches (D:1)
  4 goblins (D:1)
  A hobgoblin (D:1)
  3 kobolds (D:1)
  A frilled lizard (D:1)
  2 rats (D:1)
20 creatures vanquished.

Notes
Turn   | Place    | Note
-------+----------+-------------------------------------------
     0 | D:1      | jamsan the Spriggan Assassin began the quest for the Orb.
     0 | D:1      | Reached XP level 1. HP: 10/10 MP: 2/2
   157 | D:1      | Reached skill level 6 in Stealth
   190 | D:1      | Reached XP level 2. HP: 14/15 MP: 3/3
  1239 | D:1      | Reached XP level 3. HP: 3/18 MP: 4/4
  1248 | D:1      | Gained mutation: Your magical capacity is low. (-10% MP) [potion of mutation]
  1248 | D:1      | Gained mutation: You are partially covered in slimy green scales. (AC +2) [potion of mutation]
  1248 | D:1      | Succumbed to an adder's poison

Skill      XL: |  1  2 |
---------------+-------+-----
Stealth        | 6 |  6.3
Dodging        | 2 |  2.6
Fighting       | 2 |  2.0
Short Blades   | |  2.7
Throwing       | |  2.0

Action                   || total
-------------------------++-------
Melee: Dagger            ||    49
       Blowgun           ||     5
 Fire: Blowgun           ||    48
  Use: Potion            ||     1
Armor: Robe              ||    14
Dodge: Dodged            ||    73
